[Event "IMSA Blitz Men 2019"]
[Site "Hengshui"]
[Date "2019.05.18"]
[Round "10.2"]
[White "Cheparinov, Ivan"]
[Black "Wang, Hao"]
[Result "1-0"]
[ECO "E11"]
[WhiteElo "2667"]
[BlackElo "2735"]
[Annotator "RC"]
[PlyCount "73"]
[EventDate "2019.05.17"]
[EventType "blitz"]
[EventCountry "CHN"]
[SourceTitle "playchess.com"]
[Source "ChessBase"]
[SourceQuality "1"]
[TimeControl "180+2"]

1. d4 Nf6 2. c4 e6 3. Nf3 Bb4+ 4. Nbd2 O-O 5. a3 Be7 6. e4 d6 7. Qc2 Nfd7 8. Be2 c5 9. d5 Bf6 10. O-O Re8 11. Bd3 Ne5 12. Nxe5 Bxe5 13. Nf3 Nd7 14. Nxe5 Nxe5 15. Be2 exd5 16. cxd5 Qf6 17. Bd2 Qg6 18. f4 Bg4 19. Bxg4 Nxg4 20. Rae1 Re7 21. h3 Nf6 22. f5 Qh5 23. Bf4 Rd8 24. Re3 Ne8 25. g4 Qh4 26. Kg2 Qf6 27. g5 Qd4 28. Rd1 Qxe3 29. Bxe3 f6 30. h4 b6 31. Bf4 Nc7 32. Kf3 Nb5 33. gxf6 gxf6 34. Rg1+ Kh8 35. Qg2 Nd4+ 36. Kf2 Rde8 37. Bxd6 1-0

[Event "IMSA Blitz Men 2019"]
[Site "Hengshui"]
[Date "2019.05.18"]
[Round "11.2"]
[White "Yu, Yangyi"]
[Black "Korobov, Anton"]
[Result "0-1"]
[ECO "B32"]
[WhiteElo "2739"]
[BlackElo "2687"]
[Annotator "RC"]
[PlyCount "108"]
[EventDate "2019.05.17"]
[EventType "blitz"]
[EventCountry "CHN"]
[SourceTitle "playchess.com"]
[Source "ChessBase"]
[SourceQuality "1"]
[TimeControl "180+2"]

1. e4 c5 2. Nf3 Nc6 3. d4 cxd4 4. Nxd4 Qb6 5. Nb3 Nf6 6. Nc3 e6 7. Be3 Qc7 8. Bd3 a6 9. f4 d6 10. Qf3 Be7 11. g4 b5 12. g5 Nd7 13. O-O-O Nb4 14. Kb1 Bb7 15. Rhg1 O-O 16. Rg3 Nxd3 17. cxd3 f5 18. gxf6 Bxf6 19. Qg4 Rae8 20. Rc1 Qd8 21. Rh3 g6 22. Nd4 Qe7 23. Nf3 Nc5 24. Bxc5 dxc5 25. Rg3 c4 26. dxc4 Bxc3 27. Rxc3 Bxe4+ 28. Ka1 Qd6 29. Ng5 Rxf4 30. Qe2 Bf5 31. Rg1 bxc4 32. Qe3 Qd4 33. Qxd4 Rxd4 34. Nf3 Rd3 35. Ne5 Rxc3 36. bxc3 Rd8 37. Rg2 Rd5 38. Nc6 Kg7 39. Kb2 e5 40. Nb4 Rd6 41. a4 a5 42. Na2 Kf6 43. Nc1 h5 44. h4 Bg4 45. Rf2+ Ke6 46. Kc2 Bf5+ 47. Kb2 e4 48. Ne2 Ke5 49. Nd4 e3 50. Rh2 Rxd4 51. cxd4+ Kxd4 52. Kc1 c3 53. Rg2 Bg4 54. Rg1 Kd3 0-1